 Dungeon Crawl Stone Soup version 0.22-a0-614-g34fbaa0 (webtiles) character file.

7338 royokou the Destroyer (level 10, -12/80 (81) HPs)
             Began as a Yellow Draconian Fire Elementalist on July 16, 2018.
             Was a Believer of Vehumet.
             Killed from afar by Fannar (21 damage)
             ... with a bolt of cold
             ... on level 10 of the Dungeon on July 17, 2018.
             The game lasted 00:53:47 (11629 turns).

royokou the Destroyer (DrFE)                       Turns: 11629, Time: 00:53:48

HP:   -12/80 (81)   AC: 10    Str: 10    XL:     10   Next: 91%
MP:   1/21          EV: 29    Int: 20    God:    Vehumet [**....]
Gold: 454           SH:  0    Dex: 11    Spells: 4/24 levels left

rFire    . . .     SeeInvis .   h - +1 dagger
rCold    . . .     Gourm    .   (no shield)
rNeg     . . .     Faith    .   (armour unavailable)
rPois    .         Spirit   .   (helmet restricted)
rElec    .         Reflect  .   (no cloak)
rCorr    +         Harm     .   K - +0 pair of gloves
MR       .....                  v - +1 pair of boots
Stlth    ++........             g - amulet of the acrobat
HPRegen  0.23/turn              a - ring of wizardry
MPRegen  0.17/turn              (no ring)

@: slowed, very slow
A: spit acid, acid resistance, unfitting armour, cold-blooded, AC +7
a: Breathe Acid, Renounce Religion


You were on level 10 of the Dungeon.
You worshipped Vehumet.
Vehumet was pleased with you.
You were hungry.

You visited 2 branches of the dungeon, and saw 11 of its levels.

You collected 454 gold pieces.

Inventory:

Hand Weapons
 h - a +1 dagger (weapon)
 H - a +5 great sword
Missiles
 A - 86 arrows
Armour
 v - a +1 pair of boots (worn)
 K - a +0 pair of gloves (worn)
Jewellery
 a - a ring of wizardry (left hand)
 g - an amulet of the acrobat (around neck)
 j - an uncursed ring of see invisible
 q - an uncursed ring of fire
 C - an uncursed amulet of the gourmand {unknown}
Wands
 e - a wand of flame (21)
 y - a wand of polymorph (5)
 B - a wand of random effects (55)
 G - a wand of acid (9)
 I - a wand of scattershot (5)
 L - a wand of enslavement (16)
 M - a wand of iceblast (9)
Scrolls
 d - 5 scrolls of enchant armour
 m - 6 scrolls of magic mapping
 o - 11 scrolls of teleportation
 p - a scroll of enchant weapon
 r - 12 scrolls of identify
 t - 4 scrolls of remove curse
 u - 2 scrolls of blinking {unknown}
 w - a scroll of fog {unknown}
 D - 2 scrolls of fear
 E - 3 scrolls of amnesia {unknown}
Potions
 c - a potion of agility
 f - 4 potions of mutation
 i - 3 potions of curing
 k - 3 potions of degeneration {unknown}
 l - a potion of might {unknown}
 n - 3 potions of flight
 s - a potion of haste {unknown}
 x - a potion of cancellation {unknown}
 z - a potion of resistance {unknown}
 F - 2 potions of heal wounds {unknown}
Comestibles
 b - 15 rations


   Skills:
 + Level 5.5 Fighting
 + Level 5.1 Dodging
 - Level 1.7 Stealth
 + Level 7.7 Spellcasting
 - Level 10.0 Conjurations
 + Level 8.7 Fire Magic


You had 4 spell levels left.
You knew the following spells:

 Your Spells              Type           Power        Failure   Level  Hunger
a - Flame Tongue          Conj/Fire      #####        1%          1    None
b - Conjure Flame         Conj/Fire      #####...     1%          3    None
c - Sticky Flame          Conj/Fire      #####...     1%          4    ###....
d - Fireball              Conj/Fire      #####.....   2%          5    #####..
e - Dazzling Spray        Conj/Hex       ####..       1%          3    None
f - Fulminant Prism       Conj/Hex       ####......   4%          4    ###....

Your spell library contained the following spells:

 Spells                   Type           Power        Failure   Level  Hunger
 Magic Dart               Conj           ####         1%          1    None
 Throw Flame              Conj/Fire      #####.       1%          2    None
 Iskenderun's Mystic Bla  Conj           #####...     1%          4    ###....
 Inner Flame              Hex/Fire       ####....     1%          3    None
 Force Lance              Conj/Tloc      ####....     4%          4    ###....
 Searing Ray              Conj           #####.       1%          2    None


Dungeon Overview and Level Annotations

Branches:
Dungeon (10/15)            Temple (1/1) D:7            Lair (0/6) D:9
    Orc: D:9-12

Altars:
Ashenzari
Dithmenos
Elyvilon
Fedhas
Gozag
Hepliaklqana
Makhleb
Nemelex Xobeh
Okawaru
Qazlal
Trog
Vehumet
Yredelemnul
The Shining One

Annotations:
D:3 2 transporters
D:8 3 runed doors, CanOfBees's ghost, novice DsGl
D:9 3 runed doors, Demiham's ghost, novice DrIE
D:10 Fannar


Innate Abilities, Weirdness & Mutations

You can spit globs of acid.
You are resistant to acid.
Your golden yellow scales are hard. (AC +7)
You cannot fit into any form of body armour.
You are cold-blooded and may be slowed by cold attacks.


Message History

Confirm with . or Enter, or press ? or * to list all spells.
Aiming: Flame Tongue (safe; 1% risk of failure)
Press: ? - help, Shift-Dir - straight line, f/p - Fannar
Aim: Fannar, wielding a quarterstaff of freezing, wearing a robe of cold resistance and wearing a ring of ice (almost dead, covered in an icy film)
The flame tongue hits Fannar.
Fannar appears unharmed.
The heat melts Fannar's icy armour.
Fannar is almost dead.
Fannar hits you with a quarterstaff of freezing.
* * * LOW HITPOINT WARNING * * *
You feel as though you will be slow longer.
Fannar freezes you.
* * * LOW HITPOINT WARNING * * *
The ice beast barely misses you.
The ice beast hits you but does no damage.
The ice beast misses you.
Fannar misses you. x2; The ice beast closely misses you.
The ice beast completely misses you. Fannar casts a spell at you.
The bolt of cold misses the ice beast.
The bolt of cold hits you!
You die...

#####.†.. #..## +....
#####.... #...#..#.
#........
######+#######........
#........#...#...#####
#....@Y..#......^....#
#....YY..#...........#
+...#e...#.......#####
#...#....#.......# #..
#....'...##### #..
####'##+## #.
#........ #. #........
#........


You could see Fannar and 3 ice beasts.

Vanquished Creatures
  A rakshasa (D:7)
  A troll (D:9)
  Prince Ribbit (D:6)
  A wyvern (D:9)
  7 yaks
  4 orc warriors
  3 ice beasts
  3 sky beasts
  A necrophage (D:9)
  A hornet zombie (D:10)
  4 black bears
  A phantom (D:8)
  4 ogres
  6 centaurs
  A crocodile (D:9)
  A big kobold (D:7)
  5 bullfrogs
  4 scorpions
  9 wights
  2 jellies (D:8)
  2 howler monkeys
  2 crimson imps
  2 bullfrog zombies
  A quasit (D:6)
  8 orc priests
  9 hounds
  11 orc wizards
  A centaur skeleton (D:9)
  An iguana (D:9)
  10 worker ants
  A killer bee zombie (D:5)
  A worker ant zombie (D:5)
  4 gnolls
  11 adders
  An adder zombie (D:7)
  2 worms (D:3)
  2 dart slugs
  8 leopard geckos
  29 orcs
  A ball python (D:3)
  3 giant cockroaches
  3 goblins
  4 hobgoblins
  2 jackals (D:4)
  6 kobolds
  2 quokkas
  9 bats
  2 frilled lizards
  A jackal skeleton (D:4)
  A leopard gecko skeleton (D:7)
  6 rats
206 creatures vanquished.

Vanquished Creatures (others)
  6 fulminant prisms
  12 fungi (D:9)
  5 plants (D:9)
23 creatures vanquished.

Grand Total: 229 creatures vanquished

Notes
Turn   | Place    | Note
-------+----------+-------------------------------------------
     0 | D:1      | royokou the Draconian Fire Elementalist began the quest for the Orb.
     0 | D:1      | Reached XP level 1. HP: 14/14 MP: 3/3
   373 | D:1      | Reached XP level 2. HP: 20/20 MP: 0/5
  1201 | D:2      | Reached skill level 2 in Conjurations
  1410 | D:2      | Reached XP level 3. HP: 26/26 MP: 2/6
  1452 | D:2      | Learned a level 3 spell: Conjure Flame
  2316 | D:3      | Found a transporter.
  2540 | D:3      | Found an iron altar of Okawaru.
  2574 | D:3      | Reached XP level 4. HP: 33/33 MP: 5/7
  2677 | D:3      | Learned a level 4 spell: Sticky Flame
  2743 | D:3      | Found a transporter.
  3115 | D:4      | Reached skill level 3 in Conjurations
  3133 | D:4      | Reached XP level 5. HP: 14/38 MP: 2/9
  3532 | D:4      | Noticed an ogre
  3539 | D:4      | Killed an ogre
  3539 | D:4      | Reached skill level 4 in Conjurations
  3539 | D:4      | Reached XP level 6. HP: 45/45 MP: 6/11
  3889 | D:4      | Reached skill level 5 in Conjurations
  4143 | D:5      | Entered Level 5 of the Dungeon
  4363 | D:5      | Your scales start taking on a golden yellow colour.
  4363 | D:5      | Reached XP level 7. HP: 50/50 MP: 7/12
  4423 | D:5      | Reached skill level 5 in Fire Magic
  4677 | D:5      | Reached skill level 6 in Conjurations
  4945 | D:5      | Learned a level 5 spell: Fireball
  5358 | D:5      | Reached XP level 8. HP: 40/57 MP: 12/14
  5679 | D:5      | Learned a level 3 spell: Dazzling Spray
  5712 | D:6      | Reached skill level 7 in Conjurations
  5815 | D:6      | Reached skill level 5 in Spellcasting
  6004 | D:6      | Noticed Prince Ribbit
  6017 | D:6      | Killed Prince Ribbit
  6738 | D:7      | Reached skill level 8 in Conjurations
  6982 | D:7      | Found a staircase to the Ecumenical Temple.
  6997 | D:7      | Reached XP level 9. HP: 62/62 MP: 2/17
  7287 | Temple   | Entered the Ecumenical Temple
  7304 | Temple   | Became a worshipper of Vehumet
  7607 | D:7      | Found a stormy altar of Qazlal.
  7934 | D:7      | Reached skill level 1 in Fighting
  7950 | D:7      | Reached skill level 9 in Conjurations
  8036 | D:7      | Learned a level 4 spell: Fulminant Prism
  8186 | D:7      | Noticed a rakshasa
  8210 | D:7      | Killed a rakshasa
  8391 | D:8      | Found a runed gate.
  8391 | D:8      | Found a runed gate.
  8391 | D:8      | Found a runed gate.
  8391 | D:8      | Noticed CanOfBees's ghost (novice DsGl)
  8767 | D:8      | Reached XP level 10. HP: 77/77 MP: 14/20
  9247 | D:8      | Reached * piety under Vehumet
  9247 | D:8      | Offered knowledge of Sting by Vehumet.
 10034 | D:9      | Found a shattered altar of Ashenzari.
 10262 | D:9      | Found a staircase to the Lair.
 10685 | D:9      | Found a runed gate.
 10685 | D:9      | Found a runed gate.
 10685 | D:9      | Found a runed gate.
 10688 | D:9      | Noticed Demiham's ghost (novice DrIE)
 10950 | D:9      | Offered knowledge of Freeze by Vehumet.
 10950 | D:9      | Reached skill level 10 in Conjurations
 11294 | D:10     | Entered Level 10 of the Dungeon
 11298 | D:10     | Reached skill level 5 in Fighting
 11313 | D:10     | Reached ** piety under Vehumet
 11313 | D:10     | Reached skill level 5 in Dodging
 11600 | D:10     | Noticed Fannar
 11629 | D:10     | Killed from afar by Fannar

Vault maps used:
D:1:      dpeg_arrival_erosion, minivault_5, solitary_fountain
D:3:      gammafunk_steamed_eel, first_ration, okawaru_gym_becter
D:4:      hangedman_decor_points, kennysheep_generic_room_14
D:6:      lemuel_upstairs_altar, sigmund_army, uniq_prince_ribbit1
D:7:      kennysheep_windowed_halls, lemuel_doored_altar,
          minmay_temple_entry_glass, st_stairs_11
D:8:      gammafunk_ghost_necromancy
D:9:      due_lair_maze_entry_diamond, gammafunk_ghost_spectres, basic_altar
D:10:     zombieorc2_lemuel, serial_glass, glass_columns_c, glass_columns_c,
          glass_columns_b, glass_columns_b, glass_columns_b, glass_columns_a,
          uniq_sonja, uniq_fannar, uniq_grum
Temple:   nicolae_temple_the_god_donut

Skill      XL: |  1  2  3  4  5  6  7  8  9 10 |
---------------+-------------------------------+-----
Conjurations   | 2 3 4 5 6 8 9 10 | 10.0
Spellcasting   | 3 4 5 6 7 |  7.7
Fire Magic     | 4 5 6 7 8 |  8.7
Dodging        | 3 5 |  5.1
Fighting       | 3 5 |  5.5
Stealth        | |  1.7

Action                   |  1- 3 |  4- 6 |  7- 9 | 10-12 || total
-------------------------+-------+-------+-------+-------++-------
Melee: Unarmed           |     9 |       |       |       ||     9
       Club              |    14 |       |       |       ||    14
       Tailslap          |     7 |     4 |    20 |    16 ||    47
       Dagger            |    28 |    27 |   319 |   135 ||   509
 Cast: Flame Tongue      |    56 |    68 |   178 |   104 ||   406
       Sticky Flame      |       |     1 |    30 |    33 ||    64
       Conjure Flame     |       |     1 |     2 |     2 ||     5
       Dazzling Spray    |       |       |     5 |     3 ||     8
       Fireball          |       |       |     5 |     5 ||    10
       Fulminant Prism   |       |       |     1 |     5 ||     6
  Use: Scroll            |     7 |     4 |     2 |       ||    13
 Stab: Sleeping          |     1 |     1 |       |       ||     2
       Invisible         |       |       |     1 |     1 ||     2
       Distracted        |       |       |     1 |       ||     1
  Eat: Chunk             |     6 |     6 |    14 |    11 ||    37
       Ration            |       |       |     2 |     1 ||     3
Armor: Skin              |    25 |    18 |   155 |    85 ||   283
Dodge: Dodged            |    45 |    47 |   268 |   179 ||   539

Table legend:
 A = Spawn XP
 B = Non-spawn XP
 C = Spawn XP percentage of total XP
 D = Spawn monster count
 E = Non-spawn monster count
 F = Spawn count percentage of total count
 G = Total turns spent on level
                    A         B        C        D         E        F      G
               +---------+---------+-------+---------+---------+-------+---------
         Total |       0 |   10484 |   0.0 |       0 |     206 |   0.0 | 11629
               +---------+---------+-------+---------+---------+-------+---------
           D:1 |       0 |      27 |   0.0 |       0 |      14 |   0.0 |  1193
           D:2 |       0 |      56 |   0.0 |       0 |      12 |   0.0 |  1104
           D:3 |       0 |      39 |   0.0 |       0 |      18 |   0.0 |   772
           D:4 |       0 |     607 |   0.0 |       0 |      19 |   0.0 |  1553
           D:5 |       0 |     911 |   0.0 |       0 |      31 |   0.0 |  1075
           D:6 |       0 |     767 |   0.0 |       0 |      19 |   0.0 |  1136
           D:7 |       0 |    2690 |   0.0 |       0 |      26 |   0.0 |  1754
           D:8 |       0 |    1473 |   0.0 |       0 |      29 |   0.0 |  1317
           D:9 |       0 |    2577 |   0.0 |       0 |      30 |   0.0 |  1526
          D:10 |       0 |    1337 |   0.0 |       0 |       8 |   0.0 |   164
               +---------+---------+-------+---------+---------+-------+---------
